 Dungeon Crawl Stone Soup version 0.21-a0-496-g696f58f (console) character file.

80 zero the Chopper (level 4, -1/28 HPs)
             Began as a Gargoyle Berserker on Nov 23, 2017.
             Was a Believer of Trog.
             Killed from afar by Natasha (7 damage)
             ... with a magic dart
             ... on level 2 of the Dungeon.
             The game lasted 00:00:40 (1468 turns).

zero the Chopper (Gargoyle Berserker)               Turns: 1468, Time: 00:00:41

Health: -1/28      AC: 12    Str: 22    XL:     4   Next: 39%
Magic:  4/4        EV:  8    Int:  7    God:    Trog [**....]
Gold:   45         SH:  0    Dex:  9    Spells: 3/3 levels left

rFire    . . .     SeeInvis .   Y - +0 hand axe
rCold    . . .     Gourm    .   (no shield)
rNeg     + . .     Faith    .   i - +0 chain mail
rPois    ∞         Spirit   .   (no helmet)
rElec    +         Reflect  .   (no cloak)
rCorr    .         Harm     .   (no gloves)
MR       .....                  (no boots)
Stlth    ..........             (no amulet)
HPRegen  0.09/turn              (no ring)
MPRegen  0.09/turn              (no ring)

@: berserk cooldown
A: negative energy resistance 1, electricity resistance, unbreathing,
petrification resistance, rot immunity, AC +3
a: Berserk, Trog's Hand, Burn Spellbooks, Renounce Religion


You were on level 2 of the Dungeon.
You worshipped Trog.
Trog was pleased with you.
You were not hungry.

You visited 1 branch of the dungeon, and saw 2 of its levels.

You collected 45 gold pieces.


Innate Abilities, Weirdness & Mutations

You are resistant to torment.
Your stone body is resilient. (AC +3)
You are immune to poison.
You resist negative energy. (rN+)
You are resistant to electric shocks. (rElec)
You can survive without breathing.
You are immune to petrification.
You are immune to rotting.


   Skills:
 - Level 3.2 Fighting
 + Level 4.6 Axes
 - Level 2.1 Armour
 - Level 1.5 Dodging


You had 3 spell levels left.
You didn't know any spells.

Inventory:

Hand Weapons
 o - a +0 whip
 Y - a +0 hand axe (weapon)
Missiles
 d - 3 javelins (quivered)
Armour
 i - a +0 chain mail (worn)
Jewellery
 n - an uncursed ring of protection from fire {unknown}
Scrolls
 a - a scroll of remove curse
 e - a scroll of teleportation {unknown}
Potions
 g - a potion of curing
 h - a potion of berserk rage {unknown}
Comestibles
 b - 6 chunks of flesh
 c - 2 bread rations
 l - 2 meat rations

Dungeon Overview and Level Annotations

Branches:
Dungeon (2/15)

Altars:

Annotations:
D:2 Natasha


Message History

The shadow imp sputters.
The iron imp hits you. Natasha claws you.
You hit the iron imp.
You kill the iron imp!
You barely miss Natasha. The bat barely misses you.
Natasha claws you but does no damage. The bat hits you but does no damage.
You closely miss Natasha.
Natasha is severely wounded.
You closely miss the bat. The bat closely misses you.
Natasha claws you but does no damage.
You hit Natasha.
Natasha is almost dead.
The bat closely misses you. Natasha claws you but does no damage.
The bat hits you but does no damage.
You barely miss Natasha.
Natasha is almost dead.
You hit the bat but do no damage. The bat hits you but does no damage. x2
Natasha stares at you and mumbles some strange words.
The magic dart hits you!
You die...

# ... .. ..# # ..... ..#
#.. ... ..###
#...###+###.#... ..#.#
#...............
....###.#.......b#.#
........###+####@#.#
.....# #..###h#.# .....#
#...55..# .....#
#...#.###### ...#.#####
#...#......# .....#....
#.. #......# ..........
#..##......#
......................#
#...........##........##
....#..... #...##....#
..#%####.######.....##.#


You could see Natasha, a white imp, a shadow imp and a bat.

Vanquished Creatures
  Natasha (D:2)
  A gnoll (D:1)
  An ooze (D:2)
  A dart slug (D:1)
  2 leopard geckos
  A ball python (D:2)
  9 bats
  2 giant cockroaches
  8 hobgoblins
  A frilled lizard (D:1)
  3 goblins
  8 rats
38 creatures vanquished.

Notes
Turn   | Place    | Note
-------+----------+-------------------------------------------
     0 | D:1      | zero the Gargoyle Berserker began the quest for the Orb.
     0 | D:1      | Reached XP level 1. HP: 14/14 MP: 1/1
     0 | D:1      | 0 ||| counter = 75
    89 | D:1      | Reached skill level 3 in Axes
   252 | D:1      | Reached XP level 2. HP: 19/19 MP: 2/2
   267 | D:1      | 267 ||| INVOKING Berserk.
   523 | D:1      | 523 ||| INVOKING Berserk.
   532 | D:1      | Reached XP level 3. HP: 15/23 MP: 3/3
   993 | D:1      | 993 ||| DROPPING club.
  1112 | D:1      | 1112 ||| UPGRADING to chain mail.
  1122 | D:1      | 1122 ||| DROPPING +0 animal skin.
  1123 | D:1      | 1123 ||| READING scroll labeled SOPLEE JOZOQA.
  1124 | D:1      | 1124 ||| READING scroll labeled IXTAOMP VISA.
  1125 | D:1      | 1125 ||| READING 2 scrolls labeled UNEADGH WAYTUNYCW.
  1126 | D:1      | 1126 ||| READING scroll of identify.
  1126 | D:1      | 1126 ||| IDENTIFYING notched coral ring
  1127 | D:1      | 1127 ||| DROPPING +2 ring of intelligence.
  1157 | D:2      | Reached ** piety under Trog
  1157 | D:2      | Reached skill level 4 in Axes
  1247 | D:2      | 1247 ||| STAIRDANCE
  1260 | D:1      | 1260 ||| READING scroll labeled SOPEHA HUNWA.
  1264 | D:2      | 1264 ||| STAIRDANCE
  1272 | D:2      | 1272 ||| STAIRDANCE
  1332 | D:2      | 1332 ||| STAIRDANCE
  1392 | D:2      | 1392 ||| UPGRADING to whip.
  1393 | D:2      | 1393 ||| SWAPPING to +0 hand axe.
  1420 | D:2      | Noticed Natasha
  1424 | D:2      | 1424 ||| INVOKING Berserk.
  1428 | D:2      | Killed Natasha
  1428 | D:2      | Reached XP level 4. HP: 28/28 MP: 4/4
  1437 | D:2      | Noticed Natasha
  1464 | D:2      | HP: 5/28 [Natasha (3)]
  1468 | D:2      | Killed from afar by Natasha

Vault maps used:
D:1:      doesnt_arrival_eight_statues, minmay_split_cup_large
D:2:      lemuel_doored_altar, uniq_natasha

Skill      XL: |  1  2  3 |
---------------+----------+-----
Axes           | 3 4 |  4.6
Fighting       | |  3.2
Armour         | |  2.1
Dodging        | |  1.5

Action                   |  1- 3 |  4- 6 || total
-------------------------+-------+-------++-------
Melee: Hand axe          |   125 |    29 ||   154
Throw: Javelin           |    10 |       ||    10
Invok: Berserk           |     3 |       ||     3
  Use: Scroll            |     5 |       ||     5
  Eat: Chunk             |     4 |     1 ||     5
Armor: Animal skin       |    28 |       ||    28
       Chain mail        |    16 |    46 ||    62
Dodge: Dodged            |    71 |    19 ||    90

Table legend:
 A = Spawn XP
 B = Non-spawn XP
 C = Spawn XP percentage of total XP
 D = Spawn monster count
 E = Non-spawn monster count
 F = Spawn count percentage of total count
 G = Total turns spent on level
                    A         B        C        D         E        F      G
               +---------+---------+-------+---------+---------+-------+---------
         Total |       0 |     115 |   0.0 |       0 |      38 |   0.0 |  1468
               +---------+---------+-------+---------+---------+-------+---------
           D:1 |       0 |      54 |   0.0 |       0 |      25 |   0.0 |  1199
           D:2 |       0 |      61 |   0.0 |       0 |      13 |   0.0 |   269
               +---------+---------+-------+---------+---------+-------+---------
